[Event "Team 45 45 League T48"]
[Site "Internet Chess Club"]
[Date "2011.03.13"]
[Round "5"]
[White "krysto"]
[Black "singleaction45"]
[Result "1-0"]
[WhiteElo "1492"]
[BlackElo "1390"]
[Opening "Caro-Kann: classical, 6.h4"]
[ECO "B18"]
[Time "22:06:37"]
[TimeControl "2700+45"]

1. e4 c6 2. d4 d5 3. Nc3 dxe4 4. Nxe4 Bf5 5. Ng3 Bg6 6. h4 h6 7. h5 Bh7 8. Nf3
e6 9. Bd3 Bxd3 10. Qxd3 Nf6 11. Bd2 Nbd7 12. O-O-O Be7 13. Ne4 Nxe4 14. Qxe4 Nf6
15. Qd3 O-O 16. Ne5 Nd7 17. Qg3 Kh7 18. f4 Nxe5 19. dxe5 Qc7 20. Bc3 Rad8 21.
Qe3 Rxd1+ 22. Rxd1 b6 23. g4 Rd8 24. Rxd8 Qxd8 25. Qe4+ Kg8 26. Qxc6 Bc5 27. Qe4
Qh4 28. Qf3 Qf2 29. Qxf2 Bxf2 30. Bd2 Bg3 31. c4 Kf8 32. Kc2 Ke8 33. Kd3 Bf2 34.
Be3 Bxe3 35. Kxe3 Kd7 36. Kd4 Kc6 37. b4 a6 38. a4 g6 39. b5+ axb5 40. axb5+ Kc7
41. c5 Kb7 42. cxb6 Kxb6 43. Kc4 Kb7 44. Kc5 Kc7 45. b6+ Kb7 46. Kb5 Kb8 47. Kc6
Kc8 48. b7+ Kb8 49. Kb6 {Black resigns} 1-0

[Event "Team 45 45 League T48"]
[Site "Internet Chess Club"]
[Date "2011.03.12"]
[Round "5"]
[White "browndeer"]
[Black "medsurg"]
[Result "0-1"]
[WhiteElo "1100"]
[BlackElo "1329"]
[Opening "Ruy Lopez: Marshall counter-attack"]
[ECO "C89"]
[Time "16:01:21"]
[TimeControl "2700+45"]

1. e4 e5 2. Nf3 Nc6 3. Bb5 a6 4. Ba4 b5 5. Bb3 Nf6 6. O-O Be7 7. Re1 O-O 8. c3
d5 9. exd5 Nxd5 10. Bxd5 Qxd5 11. d4 e4 12. Nfd2 f5 13. f3 Bb7 14. fxe4 fxe4 15.
Nxe4 Na5 16. Qd2 Nc4 17. Qc2 Bf6 18. b3 Nd6 19. Nxd6 cxd6 20. Qd2 Rae8 21. Rxe8
Rxe8 22. Qc2 Re1+ 23. Kf2 Qxg2+ 24. Kxe1 Qxc2 25. Bd2 Bh4+ 26. Ke2 Qe4+ 27. Kd1
Qd3 {White resigns} 0-1

[Event "Team 45 45 League T48"]
[Site "Internet Chess Club"]
[Date "2011.03.13"]
[Round "5"]
[White "dabodhi"]
[Black "kingsleywang"]
[Result "1-0"]
[WhiteElo "1226"]
[BlackElo "1287"]
[Opening "Queen's pawn game"]
[ECO "A45"]
[Time "20:00:16"]
[TimeControl "2700+45"]

1. d4 Nf6 2. e3 g6 3. Nf3 d5 4. c4 Be6 5. b3 Nc6 6. Nc3 Bf5 7. Ne5 Nb4 8. Bd3
Qc8 9. a3 Nxd3+ 10. Nxd3 dxc4 11. bxc4 b6 12. Ne5 c5 13. O-O Bg7 14. Re1 O-O 15.
e4 cxd4 16. Qxd4 Rd8 17. Nd5 Be6 18. Nxe7+ Kf8 19. Nd5 Ne8 20. a4 f6 21. Ba3+
Nd6 22. Nf3 Ke8 23. Nxf6+ Bxf6 24. Qxf6 Nxc4 25. Qe7# {Black checkmated} 1-0

[Event "Team 45 45 League T48"]
[Site "Internet Chess Club"]
[Date "2011.03.13"]
[Round "5"]
[White "almond123"]
[Black "carolinaknight"]
[Result "0-1"]
[WhiteElo "1010"]
[BlackElo "1256"]
[Opening "French: Fort Knox variation"]
[ECO "C03"]
[Time "14:00:44"]
[TimeControl "2700+45"]

1. e4 e6 2. d4 d5 3. Nd2 dxe4 4. Nxe4 Bd7 5. Nf3 Bc6 6. Bd3 Nd7 7. O-O Ngf6 8.
Nxf6+ Nxf6 9. Bf4 Be4 10. Bxe4 Nxe4 11. Re1 Nf6 12. c4 Bb4 13. Re2 O-O 14. b3 h6
15. Bd2 Be7 16. Re1 a5 17. Bc3 c5 18. Qd3 b6 19. Ne5 Qc7 20. Qg3 Rad8 21. Bd2
Ne4 22. Rxe4 cxd4 23. Bxh6 Bf6 24. f4 d3 25. Ng4 Bxa1 26. Re1 Qc5+ 27. Kh1 Qd4
28. Ne3 Bc3 29. Rd1 Qf6 30. Bg5 Qg6 31. Qh4 Rd4 32. Rf1 Re4 33. Rf3 Bd4 34. Rh3
f6 35. Qh8+ Kf7 36. Qxf8+ Kxf8 37. Rh8+ Kf7 38. Bh4 Rxe3 39. Bf2 Re4 40. Bg3 d2
41. h3 d1=Q+ 42. Kh2 Qc2 43. f5 Qxf5 44. Bd6 Re2 45. Rf8+ Kg6 {White resigns}
0-1

[Event "Team 45 45 League T48"]
[Site "Internet Chess Club"]
[Date "2011.03.12"]
[Round "5"]
[White "bhandelman"]
[Black "XGG123"]
[Result "1-0"]
[WhiteElo "1129"]
[BlackElo "847"]
[Opening "Two knights defense (Modern bishop's opening)"]
[ECO "C55"]
[Time "13:00:23"]
[TimeControl "2700+45"]

1. e4 e5 2. Nf3 Nc6 3. Bc4 Nf6 4. d3 Bb4+ 5. Nc3 O-O 6. O-O a6 7. a4 d6 8. Bg5
h6 9. Bh4 Bg4 10. Nd5 Na5 11. Nxf6+ gxf6 12. c3 Nxc4 13. dxc4 Ba5 14. Qd2 h5 15.
Qh6 Bxf3 16. Bxf6 Qxf6 17. Qxf6 Be2 18. Rfe1 Bg4 19. Re3 Bb6 20. Rg3 Bc5 21. Qf5
Rab8 22. Qxh5 Rbe8 23. Rxg4# {Black checkmated} 1-0

[Event "Team 45 45 League T48"]
[Site "Internet Chess Club"]
[Date "2011.03.14"]
[Round "5"]
[White "BrianWood"]
[Black "Just-Jim"]
[Result "1-0"]
[WhiteElo "1408"]
[BlackElo "1349"]
[Opening "Ruy Lopez: Cozio defense"]
[ECO "C60"]
[Time "18:02:34"]
[TimeControl "2700+45"]

1. e4 e5 2. Nf3 Nc6 3. Bb5 Nge7 4. O-O d6 5. d4 Bd7 6. dxe5 Nxe5 7. Nxe5 Bxb5 8.
Nxf7 Kxf7 9. Qh5+ g6 10. Qxb5 Rb8 11. Qc4+ d5 12. exd5 Nxd5 13. Nc3 c6 14. Rd1
Qa5 15. Nxd5 cxd5 16. Qf4+ Ke6 17. Qxb8 Bg7 18. Qxb7 Be5 19. Qc6+ Kf5 20. Qxd5
Qb4 21. Qf3+ Ke6 22. Qd5+ Kf5 23. Bh6 Qh4 24. Qd7+ Kf6 25. Bg7+ Kg5 26. Bxe5 Rf8
27. Qe7+ {Black resigns} 1-0

[Event "Team 45 45 League T48"]
[Site "Internet Chess Club"]
[Date "2011.03.14"]
[Round "5"]
[White "CoasterBrake"]
[Black "Knight2night"]
[Result "0-1"]
[WhiteElo "1149"]
[BlackElo "1272"]
[Opening "Sicilian: Alapin's variation (2.c3)"]
[ECO "B22"]
[Time "13:01:15"]
[TimeControl "2700+45"]

1. e4 c5 2. c3 d5 3. d4 dxe4 4. Bb5+ Bd7 5. Qa4 cxd4 6. cxd4 e6 7. Nc3 Nc6 8.
Nxe4 Nxd4 9. Qxd4 Bxb5 10. Ne2 Qxd4 11. Nxd4 Bd3 12. Bf4 Bxe4 13. Nb5 Bb4+ 14.
Ke2 Rd8 15. Nd6+ Bxd6 16. Be3 Bxg2 17. Rhg1 Bd5 18. b3 Bxh2 19. Rxg7 Be5 20.
Rgg1 Bxa1 {White resigns} 0-1

[Event "Team 45 45 League T48"]
[Site "Internet Chess Club"]
[Date "2011.03.13"]
[Round "5"]
[White "sockmonkey"]
[Black "theartist"]
[Result "0-1"]
[WhiteElo "1073"]
[BlackElo "1164"]
[Opening "Queen's pawn: Torre attack"]
[ECO "A40"]
[Time "12:31:48"]
[TimeControl "2700+45"]

1. d4 e6 2. Nf3 Nf6 3. Bg5 d5 4. e3 Be7 5. Bxf6 Bxf6 6. Bd3 Nd7 7. c3 O-O 8.
Nbd2 e5 9. dxe5 Nxe5 10. Nxe5 Bxe5 11. f4 Bf6 12. O-O c5 13. Qh5 g6 14. Qh6 Bg7
15. Qg5 Qxg5 16. fxg5 Be6 17. e4 Rfd8 18. Nf3 d4 19. c4 Re8 20. Nd2 Be5 21. Bc2
Rad8 22. Ba4 Bd7 23. Bxd7 Rxd7 24. Nf3 Bf4 25. Rae1 Be3+ 26. Kh1 Rxe4 27. Rf2
Rde7 28. Nd2 Bxd2 29. Rxe4 Rxe4 30. g3 Bxg5 31. h4 Be3 32. Re2 d3 33. Rxe3 Rxe3
34. Kg2 d2 35. Kf2 Re1 {White resigns} 0-1

[Event "Team 45 45 League T48"]
[Site "Internet Chess Club"]
[Date "2011.03.14"]
[Round "5"]
[White "WzeroMN"]
[Black "tcianciola"]
[Result "0-1"]
[WhiteElo "1084"]
[BlackElo "1186"]
[Opening "Four knights: Spanish, classical defense"]
[ECO "C48"]
[Time "16:30:09"]
[TimeControl "2700+45"]

1. e4 e5 2. Nf3 Nf6 3. Nc3 Nc6 4. Bb5 Bc5 5. Bxc6 bxc6 6. Nxe5 Qe7 7. Nf3 Nxe4
8. O-O O-O 9. Re1 Bxf2+ 10. Kf1 Bxe1 11. Qxe1 d5 12. d3 Ba6 13. Kg1 Qc5+ 14. Be3
Qe7 15. dxe4 dxe4 16. Nd2 Rfe8 17. Ndxe4 f5 18. Bg5 Qe6 19. Bd2 fxe4 {White
resigns} 0-1

[Event "Team 45 45 League T48"]
[Site "Internet Chess Club"]
[Date "2011.03.11"]
[Round "5"]
[White "imawesome"]
[Black "Razorbackchess"]
[Result "1-0"]
[WhiteElo "1790"]
[BlackElo "1809"]
[Opening "Sicilian: Alapin's variation (2.c3)"]
[ECO "B22"]
[Time "17:25:50"]
[TimeControl "2700+45"]

1. e4 c5 2. c3 d5 3. exd5 Qxd5 4. d4 Nc6 5. Nf3 Bg4 6. dxc5 Qxd1+ 7. Kxd1 e5 8.
b4 a5 9. Bb5 Ne7 10. h3 Bxf3+ 11. gxf3 axb4 12. cxb4 O-O-O+ 13. Nd2 Nxb4 14. a3
Nd3 15. Bxd3 Rxd3 16. Ke2 Rd5 17. Nc4 Rxc5 18. Nd6+ Kb8 19. Be3 Rc7 20. Nxf7 Rg8
21. Nxe5 Nd5 22. Rhc1 Bd6 23. Rxc7 Nxc7 24. Nd7+ Ka8 25. Rd1 Nb5 26. Kf1 Bc7 27.
Nc5 Rd8 28. Rb1 Nd6 29. Bf4 Rf8 30. Ne6 Rxf4 31. Nxf4 Nc4 32. Rb4 Nxa3 33. Ne6
Bd6 34. Rd4 Be7 35. Rd7 Bf6 36. Nxg7 b5 37. Ne6 b4 38. Nc7+ Kb8 39. Na6+ Kc8 40.
Rc7+ Kd8 41. Rb7 b3 42. Rxb3 Nc4 43. Kg2 h6 44. Nc5 Ke7 45. Rb7+ Kf8 46. Rh7 Bg5
47. Ne6+ Kg8 48. Nxg5 hxg5 49. Rh5 {Black resigns} 1-0

[Event "Team 45 45 League T48"]
[Site "Internet Chess Club"]
[Date "2011.03.18"]
[Round "5"]
[White "Tamarin"]
[Black "ryan2chess"]
[Result "1-0"]
[WhiteElo "1745"]
[BlackElo "1877"]
[Opening "Benoni: classical with e4 and Nf3"]
[ECO "A70"]
[Time "20:00:29"]
[TimeControl "2700+45"]

1. d4 Nf6 2. c4 e6 3. Nf3 c5 4. d5 d6 5. Nc3 g6 6. e4 exd5 7. cxd5 Bg7 8. Bd3
O-O 9. Bf4 Nh5 10. Bd2 Re8 11. O-O Bg4 12. h3 Bxf3 13. Qxf3 Nd7 14. Bc2 Ne5 15.
Qe2 Nf6 16. f4 Ned7 17. Kh1 Nh5 18. Qf3 Rb8 19. g4 Nhf6 20. g5 Nh5 21. f5 Be5
22. Kg1 Bd4+ 23. Kg2 Ne5 24. Qe2 Nd7 25. f6 Be5 26. Qg4 b5 27. Rab1 b4 28. Ne2
h6 29. h4 c4 30. Nf4 Nxf4+ 31. Bxf4 h5 32. Qe2 Bxf4 33. Rxf4 Ne5 34. Qe3 Qa5 35.
a3 bxa3 36. bxa3 Rxb1 37. Bxb1 c3 38. Qc1 Nc4 39. Rf3 Qxa3 40. Rxc3 Qxc1 41.
Rxc1 Nd2 42. Bd3 Nb3 43. Rc6 Nc5 44. Bc2 Nxe4 45. Bxe4 Rxe4 46. Rxd6 Rxh4 47.
Rd8+ Kh7 48. Rf8 Rg4+ 49. Kh3 Rxg5 50. Rxf7+ Kg8 51. Rg7+ Kf8 52. d6 Rd5 53. d7
g5 54. Rh7 Kg8 55. f7+ Kf8 56. Rh8+ Kxf7 57. d8=Q Rxd8 58. Rxd8 Kf6 59. Ra8 Kf5
60. Rxa7 Kf4 61. Rf7+ Ke3 62. Rf5 g4+ 63. Kg3 Ke4 64. Rxh5 Ke3 65. Kxg4 Ke4 66.
Rf5 Ke3 67. Rf4 Kd3 68. Kf3 Kd2 69. Rd4+ Kc3 70. Ke3 Kc2 71. Rc4+ Kb3 72. Kd3
Kb2 73. Rc3 Kb1 74. Rc2 Ka1 75. Kc3 Kb1 76. Kb3 Ka1 77. Rc1# {Black checkmated}
1-0

[Event "Team 45 45 League T48"]
[Site "Internet Chess Club"]
[Date "2011.03.13"]
[Round "5"]
[White "juniorVishy"]
[Black "badmove"]
[Result "1/2-1/2"]
[WhiteElo "1630"]
[BlackElo "1737"]
[Opening "Dutch with c4 & Nc3"]
[ECO "A85"]
[Time "16:20:47"]
[TimeControl "2700+45"]

1. d4 f5 2. c4 Nf6 3. Nc3 d6 4. Nf3 g6 5. e3 Bg7 6. Be2 O-O 7. O-O Qe8 8. Nb5
Na6 9. d5 e5 10. dxe6 Bxe6 11. Nbd4 Bd7 12. a3 h6 13. Qc2 Qe7 14. Rb1 Kh8 15. b4
c5 16. b5 Nc7 17. Nb3 b6 18. Bb2 Rad8 19. Rfd1 Be6 20. a4 a6 21. h3 axb5 22.
axb5 Qf7 23. Ra1 Nxb5 24. Ra6 Nc7 25. Rxb6 Qe7 26. Nh4 Kh7 27. g4 Nxg4 28. hxg4
Qxh4 29. Bxg7 Kxg7 30. Qc3+ Kh7 31. Rb7 Rd7 32. Nxc5 fxg4 33. Nxd7 Qxf2+ 34. Kh1
Qh4+ 35. Kg1 Qg3+ 36. Kh1 Qh4+ 37. Kg1 Qg3+ {Game drawn by mutual agreement}
1/2-1/2

[Event "Team 45 45 League T48"]
[Site "Internet Chess Club"]
[Date "2011.03.14"]
[Round "5"]
[White "MateIn42"]
[Black "cazj"]
[Result "1-0"]
[WhiteElo "1465"]
[BlackElo "1307"]
[Opening "Scotch game"]
[ECO "C45"]
[Time "21:00:34"]
[TimeControl "2700+45"]

1. e4 e5 2. Nf3 Nc6 3. d4 exd4 4. Nxd4 Qe7 5. Nc3 Qc5 6. Be3 Qb4 7. Rb1 Qa5 8.
a3 Bxa3 9. Ra1 Bxb2 10. Rxa5 Bxc3+ 11. Bd2 Bxa5 12. Bxa5 Nxa5 13. Qa1 b6 14. Nb5
Kf8 15. Nxc7 Rb8 16. Qe5 Bb7 17. Ne6+ fxe6 18. Qxb8+ Kf7 19. Bb5 Bc6 20. Qxa7
Ne7 21. Bxc6 dxc6 22. Qxb6 Ra8 23. O-O Nc4 24. Qd4 Ra4 25. Ra1 c5 26. Qc3 Rb4
27. h3 Ng6 28. Qf3+ Ke7 29. Ra7+ Kd6 30. Qd3+ Ke5 31. Qg3+ Nf4 32. Qxg7+ Kxe4
33. Qxh7+ Ke5 34. Qc7+ Ke4 35. f3+ Ke3 36. Qxc5+ {Black resigns} 1-0

[Event "Team 45 45 League T48"]
[Site "Internet Chess Club"]
[Date "2011.03.15"]
[Round "5"]
[White "misuc56"]
[Black "ILRE"]
[Result "1/2-1/2"]
[WhiteElo "1770"]
[BlackElo "1578"]
[Opening "King's Indian defense"]
[ECO "E60"]
[Time "16:30:07"]
[TimeControl "2700+45"]

1. d4 g6 2. c4 Nf6 3. e3 Bg7 4. Nf3 d6 5. h3 O-O 6. Be2 Nbd7 7. Nc3 c5 8. O-O
Re8 9. Nh2 e5 10. d5 a6 11. e4 Rb8 12. Rb1 Qc7 13. Re1 Nf8 14. Kh1 Bd7 15. g4
Rec8 16. f3 b5 17. cxb5 axb5 18. Qc2 b4 19. Nd1 Bb5 20. Bg5 Bxe2 21. Qxe2 N8d7
22. Rg1 Qa5 23. b3 Qb5 24. Qxb5 Rxb5 25. Ne3 Ne8 26. Nc4 Bf8 27. Nf1 f6 28. Be3
Ra8 29. Rb2 Rb7 30. Rgg2 Be7 31. h4 Kf7 32. f4 exf4 33. Bxf4 Ne5 34. Bxe5 fxe5
35. h5 Bg5 36. Nh2 Kg7 37. Nf3 Bf4 38. Ne1 g5 39. Nc2 h6 40. N2e3 Bxe3 41. Nxe3
Rd7 42. Rgf2 Nf6 43. Rbe2 Rf8 44. Nf5+ Kh7 45. Rg2 Rff7 46. Kh2 Ne8 47. Kg3 Nc7
48. Rg1 Nb5 49. Rc1 Rf8 50. Kf3 Nd4+ 51. Ke3 Nxe2 52. Kxe2 Ra8 53. Rc2 Ra6 54.
Kd3 Rb6 55. Kc4 Ra7 56. Rf2 Rd7 57. Rf1 Rbb7 58. Ra1 Rb6 59. Rf1 Rbb7 {Game
drawn by mutual agreement} 1/2-1/2

[Event "Team 45 45 League T48"]
[Site "Internet Chess Club"]
[Date "2011.03.14"]
[Round "5"]
[White "BrandonBee"]
[Black "xt"]
[Result "1-0"]
[WhiteElo "1565"]
[BlackElo "1563"]
[Opening "Sicilian: Canal-Sokolsky (Nimzovich-Rossolimo, Moscow) attack"]
[ECO "B51"]
[Time "13:30:22"]
[TimeControl "2700+45"]

1. e4 c5 2. Nf3 d6 3. Bb5+ Nc6 4. Bxc6+ bxc6 5. c4 Qc7 6. Nc3 Bg4 7. b3 g6 8.
Bb2 Nf6 9. h3 Bd7 10. d4 cxd4 11. Nxd4 Bg7 12. O-O O-O 13. f4 Ne8 14. f5 e5 15.
fxe6 fxe6 16. Rxf8+ Bxf8 17. Qf3 Bg7 18. Nde2 Nf6 19. Rd1 Rd8 20. Ba3 c5 21. Qf4
Bc6 22. g4 Rd7 23. Ng3 Ne8 24. Nce2 Rf7 25. Qd2 Qb7 26. Qd3 Qa6 27. b4 Rd7 28.
b5 Bxb5 29. cxb5 Qb6 30. Qc4 Re7 31. Nf4 Nc7 32. Bc1 Bd4+ 33. Kg2 Qxb5 34. Qxb5
Nxb5 35. Nge2 Be5 36. a4 Nc7 37. Nd3 Bg7 38. Bf4 Rd7 39. Nxc5 {Black resigns}
1-0

[Event "Team 45 45 League T48"]
[Site "Internet Chess Club"]
[Date "2011.03.14"]
[Round "5"]
[White "Chess64655"]
[Black "Helaman"]
[Result "1-0"]
[WhiteElo "1647"]
[BlackElo "1428"]
[Opening "Ruy Lopez: Marshall, main line, 14...Qh3"]
[ECO "C89"]
[Time "14:00:15"]
[TimeControl "2700+45"]

1. e4 e5 2. Nf3 Nc6 3. Bb5 a6 4. Ba4 Nf6 5. O-O Be7 6. Re1 b5 7. Bb3 O-O 8. c3
d5 9. exd5 Nxd5 10. Nxe5 Nxe5 11. Rxe5 c6 12. d4 Bd6 13. Re1 Qh4 14. g3 Qh3 15.
Be3 Bg4 16. Qd3 Rae8 17. Nd2 Re6 18. Bxd5 cxd5 19. Qf1 Qh5 20. f4 Bh3 21. Qf2
Rh6 22. Nf3 Bg4 23. Ne5 f6 24. Nxg4 Qxg4 25. Qg2 Rh5 26. Bd2 Kh8 27. Re2 g5 28.
fxg5 fxg5 29. Rae1 Rh6 30. Rf2 Rxf2 31. Qxf2 Kg7 32. Rf1 Qh5 33. Qg2 Qh3 34.
Bxg5 Qxg2+ 35. Kxg2 Re6 36. Bf4 Bxf4 37. Rxf4 Re2+ 38. Rf2 Re6 39. g4 Re4 40.
Kg3 Re3+ 41. Kf4 Re4+ 42. Kf5 Re7 43. Rg2 Re3 44. h4 Re4 45. Rh2 Re7 46. g5 a5
47. a3 Re3 48. h5 Re4 49. g6 h6 50. Rh3 Re8 51. Kf4 Re4+ 52. Kf3 Re6 53. Rh2
Rf6+ 54. Kg4 Re6 55. Rf2 Re4+ 56. Kf5 Re8 57. Kg4 Re4+ 58. Rf4 Re7 59. Rf7+ Rxf7
60. gxf7 Kxf7 61. Kf5 Kg7 62. Ke6 a4 63. Kxd5 Kf6 64. Kc6 Kg5 65. d5 Kxh5 66. d6
Kg4 67. d7 h5 68. d8=Q h4 69. Kxb5 h3 70. Qc7 {Black resigns} 1-0

[Event "Team 45 45 League T48"]
[Site "Internet Chess Club"]
[Date "2011.03.12"]
[Round "5"]
[White "blizzard13"]
[Black "CKNIGHT3"]
[Result "0-1"]
[WhiteElo "1443"]
[BlackElo "1620"]
[Opening "Queen's pawn, Mason variation"]
[ECO "D00"]
[Time "12:03:08"]
[TimeControl "2700+45"]

1. d4 d5 2. Bf4 c6 3. e3 Nf6 4. Nf3 e6 5. Bd3 Nbd7 6. Nbd2 Be7 7. Ne5 Nxe5 8.
dxe5 Nd7 9. Qh5 g6 10. Qh3 Bf8 11. Nf3 Bg7 12. g4 Qc7 13. Qg3 h6 14. h4 c5 15.
O-O-O b6 16. e4 c4 17. Bxc4 dxc4 18. Rd6 Bb7 19. Rhd1 O-O-O 20. c3 Bxe4 21. Nd4
Nc5 22. Nb5 Qe7 23. Rxd8+ Rxd8 24. Rxd8+ Kxd8 25. Nd6 Nd3+ 26. Kd2 Bd5 27. b3
Nxf4 28. Qxf4 cxb3 29. axb3 Bxb3 30. Nxf7+ Ke8 31. Nd6+ Kd7 32. Qd4 Bxe5 33.
Qxe5 Qxd6+ 34. Qxd6+ Kxd6 35. f4 Kd5 36. Ke3 a5 37. f5 exf5 38. gxf5 gxf5 39.
Kf4 Bc2 40. Ke3 a4 41. Kd2 Be4 42. Kc1 f4 {White resigns} 0-1

[Event "Team 45 45 League T48"]
[Site "Internet Chess Club"]
[Date "2011.03.11"]
[Round "5"]
[White "Gilguli"]
[Black "KyleMayhugh"]
[Result "1/2-1/2"]
[WhiteElo "1356"]
[BlackElo "1404"]
[Opening "QGD semi-Slav"]
[ECO "D43"]
[Time "08:30:17"]
[TimeControl "2700+45"]

1. d4 d5 2. Nf3 Nf6 3. c4 c6 4. Nc3 e6 5. Bf4 Be7 6. e3 Nh5 7. g3 O-O 8. Bd3 Nd7
9. Qc2 f5 10. O-O-O Nxf4 11. gxf4 b6 12. Rdg1 Ba6 13. b3 dxc4 14. bxc4 g6 15. e4
Nf6 16. exf5 exf5 17. Bxf5 Ba3+ 18. Kd2 Qe7 19. Bxg6 hxg6 20. Qxg6+ Kh8 21. Rg3
Rg8 22. Rh3+ Nh7 23. Ne5 Bxc4 24. Rxh7+ Qxh7 25. Qxh7+ Kxh7 26. Nxc4 Bb4 27. Ne5
Rg2 28. Nxc6 Bxc3+ 29. Kxc3 Rxf2 30. Re1 Rxf4 31. Re7+ Kg6 32. Rxa7 Rxa7 33.
Nxa7 Rf2 34. Nc8 Rxa2 35. Nxb6 Rxh2 36. Kc4 Rh4 37. Kc5 Rxd4 38. Kxd4 {Game
drawn because neither player has mating material} 1/2-1/2

[Event "Team 45 45 League T48"]
[Site "Internet Chess Club"]
[Date "2011.03.14"]
[Round "5"]
[White "BrianWood"]
[Black "arconia"]
[Result "1-0"]
[WhiteElo "1421"]
[BlackElo "1327"]
[Opening "Sicilian: closed"]
[ECO "B24"]
[Time "19:00:13"]
[TimeControl "2700+45"]

1. e4 c5 2. Nc3 Nc6 3. g3 e6 4. Bg2 Nf6 5. Nge2 Be7 6. d4 cxd4 7. Nxd4 a6 8.
Nxc6 bxc6 9. e5 Nd5 10. Nxd5 cxd5 11. Qg4 Bf8 12. O-O d6 13. exd6 Qxd6 14. c4 e5
15. Qe2 Bb7 16. Rd1 Be7 17. Bxd5 Bxd5 18. Rxd5 Qg6 19. Rxe5 O-O 20. Rxe7 h5 21.
Bf4 h4 22. Rc1 h3 23. c5 Qc6 24. Qe4 Qb5 25. Rb7 Qa5 26. Qb4 Qd8 27. c6 Qd5 28.
Kf1 Qd3+ 29. Ke1 Rfe8+ 30. Re7 Qf3 31. Qe4 Qxe4+ 32. Rxe4 Rxe4+ 33. Kf1 Rae8 34.
c7 Rc8 35. Rd1 Rxc7 36. Bxc7 Rc4 37. Bf4 Rc2 38. Be5 a5 39. Bc3 a4 40. a3 f5 41.
Rd2 Rc1+ 42. Ke2 Rh1 43. Be5 Rxh2 44. g4 Rg2 45. gxf5 Rg5 46. Bg3 Rxf5 47. Rd4
g5 48. Rxa4 Rc5 49. Kf3 Rf5+ 50. Kg4 Rf4+ 51. Rxf4 {Black resigns} 1-0

[Event "Team 45 45 League T48"]
[Site "Internet Chess Club"]
[Date "2011.03.13"]
[Round "5"]
[White "shamos1"]
[Black "Burbia"]
[Result "0-1"]
[WhiteElo "1294"]
[BlackElo "1356"]
[Opening "English opening"]
[ECO "A17"]
[Time "17:16:03"]
[TimeControl "2700+45"]

1. c4 e6 2. Nc3 Nf6 3. g3 Bb4 4. Qb3 Nc6 5. a3 Be7 6. Bg2 O-O 7. Nf3 d5 8. O-O
Na5 9. Qa2 Nxc4 10. d3 Nb6 11. Re1 Bd7 12. Ne5 Be8 13. d4 c6 14. Qb1 Nbd7 15.
Nf3 h6 16. e4 dxe4 17. Nxe4 Nd5 18. Qd3 N7f6 19. Nc3 Nxc3 20. bxc3 Nd5 21. Bd2
Bd7 22. Ne5 Be8 23. Qe4 f6 24. Ng6 f5 25. Qxe6+ Bf7 26. Nxe7+ Nxe7 27. Qxe7 Qc8
28. Rab1 Rb8 29. Bf4 Re8 30. Qc5 Rxe1+ 31. Rxe1 Ra8 32. d5 Bxd5 33. Bxd5+ cxd5
34. Qxd5+ Kh8 35. c4 Qf8 36. Qxb7 Re8 37. Rxe8 Qxe8 38. Qxa7 Qe1+ 39. Kg2 Qe4+
40. Kh3 g5 41. Qb8+ Kh7 42. Qc7+ Kg6 43. Be3 f4 44. Qd6+ Kf7 45. gxf4 Qf3#
{White checkmated} 0-1

[Event "Team 45 45 League T48"]
[Site "Internet Chess Club"]
[Date "2011.03.14"]
[Round "5"]
[White "Tinks12345"]
[Black "eyalki"]
[Result "1-0"]
[WhiteElo "1350"]
[BlackElo "1366"]
[Opening "Scotch gambit"]
[ECO "C44"]
[Time "15:42:02"]
[TimeControl "2700+45"]

1. e4 e5 2. Nf3 Nc6 3. d4 exd4 4. Bc4 Bb4+ 5. Bd2 Nf6 6. Bxb4 Nxb4 7. a3 Nc6 8.
Nxd4 Nxd4 9. Qxd4 O-O 10. O-O Re8 11. e5 Nh5 12. Be2 g6 13. Bxh5 gxh5 14. Nc3 d6
15. exd6 Qxd6 16. Nd5 Re6 17. Rfe1 c5 18. Qc4 Bd7 19. Red1 Rae8 20. Nf6+ Rxf6
21. Rxd6 Rxd6 22. Qxc5 Rde6 23. h3 Rg6 24. Qxh5 Ree6 25. Rd1 Bc6 26. g3 Rh6 27.
Qg5+ Reg6 28. Qd8+ Kg7 29. Qd4+ Rf6 30. h4 Rh5 31. Re1 Rd5 32. Qc3 Rf5 33. Re5
Rxe5 34. Qxe5 Bf3 35. Qg5+ Rg6 36. Qf5 Bg4 37. Qe5+ Rf6 38. h5 h6 39. Qe4 Bxh5
40. Qxb7 Rb6 41. Qxa7 Rxb2 42. Qd4+ {Black resigns} 1-0

[Event "Team 45 45 League T48"]
[Site "Internet Chess Club"]
[Date "2011.03.15"]
[Round "5"]
[White "kidcobra"]
[Black "crazyhorses"]
[Result "0-1"]
[WhiteElo "1670"]
[BlackElo "1593"]
[Opening "Sicilian: Najdorf, Lipnitzky attack"]
[ECO "B86"]
[Time "16:00:20"]
[TimeControl "2700+45"]

1. e4 c5 2. Nf3 d6 3. d4 cxd4 4. Nxd4 Nf6 5. Nc3 a6 6. Bc4 e6 7. Bb3 Nbd7 8. O-O
Nc5 9. Bg5 Be7 10. Re1 e5 11. Nf3 O-O 12. Bxf6 Bxf6 13. Nd5 Bg4 14. h3 Bh5 15.
Bc4 Bg6 16. Nxf6+ Qxf6 17. Bd3 d5 18. Nd2 Rad8 19. Qf3 Qxf3 20. gxf3 Nxd3 21.
cxd3 dxe4 22. Nxe4 Rxd3 23. Kg2 Rc8 24. Red1 Rxd1 25. Rxd1 f5 26. Ng5 h6 27. Ne6
Kf7 28. Nd8+ Ke7 29. Nxb7 Rb8 30. Nc5 Rxb2 31. Rd7+ Kf8 32. Ne6+ Ke8 33. Rxg7
Bf7 34. Nc7+ Kf8 35. Rg3 Rxa2 36. Kf1 Rc2 37. Nxa6 Bc4+ 38. Kg2 Bxa6 39. Rg6 Bb7
40. Rxh6 Bc8 41. Rb6 Kg7 42. Rb5 Re2 43. Rc5 Ba6 44. Rc7+ Kf8 45. Ra7 Bd3 46.
Ra8+ Kg7 47. Ra7+ Kg6 48. Rd7 e4 49. Rd6+ Kg5 50. Kg3 f4+ 51. Kg2 Rd2 52. Kg1 e3
53. fxe3 fxe3 54. Re6 Rd1+ 55. Kg2 Bf1+ 56. Kg3 e2 57. Kf2 Kf5 58. Re3 Rd4 59.
Kg3 Rd7 60. Kf2 Rg7 61. Ra3 Rg2+ 62. Ke1 Kf4 63. Ra4+ Kxf3 64. Ra3+ Kf4 65. Ra4+
Kg3 66. Ra3+ Kh4 67. Ra4+ Kxh3 68. Ra3+ Rg3 69. Ra8 Rg4 70. Rh8+ Kg3 71. Re8 Kf3
72. Re3+ Kf4 73. Re8 Rg3 74. Rf8+ Ke5 75. Re8+ Kd6 76. Rh8 Rb3 77. Re8 Kd5 78.
Rd8+ Kc4 79. Rc8+ Kd3 80. Rd8+ Kc2 81. Rc8+ Rc3 82. Rd8 Kc1 83. Rd6 Re3 84. Rc6+
Kb2 85. Rb6+ Kc3 86. Rc6+ Kd4 87. Rd6+ Kc5 88. Rd8 Bh3 89. Rd2 Bg4 90. Rd8 Rb3
91. Re8 Rb1+ 92. Kd2 Rd1+ 93. Kc2 e1=Q 94. Rxe1 Rxe1 95. Kd2 Re2+ 96. Kc3 Bf5
97. Kb3 Rc2 98. Ka4 Rc3 99. Ka5 Ra3# {White checkmated} 0-1

[Event "Team 45 45 League T48"]
[Site "Internet Chess Club"]
[Date "2011.03.10"]
[Round "5"]
[White "mongmong"]
[Black "tryanything"]
[Result "1-0"]
[WhiteElo "1661"]
[BlackElo "1558"]
[Opening "Colle system"]
[ECO "D05"]
[Time "19:07:24"]
[TimeControl "2700+45"]

1. d4 d5 2. Nf3 Nf6 3. e3 e6 4. Bd3 c5 5. c3 a6 6. Nbd2 Nc6 7. O-O c4 8. Bc2 g6
9. Qe2 Bg7 10. e4 dxe4 11. Nxe4 b5 12. Bg5 O-O 13. h3 h6 14. Bh4 Bb7 15. Nc5 Qc8
16. Nxb7 Qxb7 17. Be4 Nxe4 18. Qxe4 Rac8 19. Bg3 Rfe8 20. Rfe1 Qd7 21. Ne5 Nxe5
22. Bxe5 Bxe5 23. Qxe5 Rcd8 24. Re2 Qd6 25. Rae1 Qxe5 26. Rxe5 Kf8 27. f4 Rd5
28. g4 Rxe5 29. Rxe5 Rd8 30. Kf2 Rd5 31. Ke3 Ke7 32. Ke4 Kd6 33. f5 g5 34. a3 a5
35. fxe6 Rxe5+ 36. dxe5+ Kxe6 37. Kd4 a4 38. Ke4 Ke7 39. Kf5 {Black resigns} 1-0

[Event "Team 45 45 League T48"]
[Site "Internet Chess Club"]
[Date "2011.03.12"]
[Round "5"]
[White "Conjurer"]
[Black "KidRattler"]
[Result "1-0"]
[WhiteElo "1199"]
[BlackElo "1168"]
[Opening "English: Carls' Bremen system"]
[ECO "A22"]
[Time "13:04:30"]
[TimeControl "2700+45"]

1. c4 e5 2. Nc3 Nf6 3. g3 Nc6 4. Bg2 Be7 5. Nf3 d6 6. O-O O-O 7. b3 Bd7 8. Bb2
Qc8 9. Nd5 Nxd5 10. cxd5 Nd8 11. Rc1 Bh3 12. e4 Bxg2 13. Kxg2 Qd7 14. d4 f6 15.
dxe5 dxe5 16. Nh4 Rc8 17. Nf5 Qe8 18. Qg4 Qf7 19. Nh6+ Kh8 20. Nxf7+ Rxf7 21.
Qxc8 Rf8 22. Qxc7 Nf7 23. Qxe7 Rg8 24. Qxf7 Rc8 25. Rxc8# {Black checkmated} 1-0